 Dungeon Crawl Stone Soup version 0.23.0-2-g0fe3ce5 (webtiles) character file.

Game seed: 16768504614945901289

179 Kairos the Slasher (level 5, -3/28 HPs)
             Began as a Vine Stalker Monk on Feb 19, 2019.
             Killed by divine providence
             ... invoked by an orc priest
              (12 damage)
             ... on level 4 of the Dungeon.
             The game lasted 00:03:27 (2641 turns).

Kairos the Slasher (Vine Stalker Monk)              Turns: 2641, Time: 00:03:28

Health: -3/28      AC:  7    Str: 14    XL:     5   Next: 59%
Magic:  0/6        EV: 11    Int: 10    God:
Gold:   131        SH:  0    Dex: 20    Spells: 4/4 levels left

rFire    . . .     SeeInvis .   a - +1 falchion
rCold    . . .     Gourm    .   (no shield)
rNeg     . . .     Faith    .   k - +0 scale mail
rPois    .         Spirit   +   i - +1 hat
rElec    .         Reflect  .   (no cloak)
rCorr    .         Harm     .   (no gloves)
MR       .....                  (no boots)
Stlth    +.........             (no amulet)
HPRegen  0.49/turn              f - ring of flight
MPRegen  0.10/turn              h - +3 ring of dexterity

@: lethally poisoned (-3 -> -3)
A: fangs 2, regeneration 1, magic shield, antimagic bite, no potion heal 3, rot
immunity
a: Evoke Flight


You were on level 4 of the Dungeon.
You were not hungry.

You visited 1 branch of the dungeon, and saw 4 of its levels.

You collected 131 gold pieces.

Inventory:

Hand Weapons
 a - a +1 falchion (weapon)
Armour
 b - a +0 robe
 d - a +0 ring mail
 i - a +1 hat (worn)
 k - a +0 scale mail (worn)
Jewellery
 f - a ring of flight (left hand)
 h - a +3 ring of dexterity (right hand)
Wands
 l - a wand of digging (7)
Scrolls
 n - a scroll of teleportation {unknown}
Potions
 e - a potion of resistance
 g - a potion of curing {unknown}
 m - a potion of lignification {unknown}
Comestibles
 c - 7 rations


   Skills:
 + Level 3.2 Fighting
 + Level 4.1 Long Blades
 + Level 1.5 Armour
 + Level 3.0 Dodging
 + Level 3.1 Stealth


You had 4 spell levels left.
You didn't know any spells.
Your spell library was empty.

Dungeon Overview and Level Annotations

Branches:
Dungeon (4/15)
 Temple: D:4-7

Altars:
Sif Muna


Innate Abilities, Weirdness & Mutations

You have extremely sharp teeth.
Your natural rate of healing is unusually fast.
When hurt, damage is shared between your health and your magic reserves.
Your bite disrupts and absorbs the magic of your enemies.
Potions cannot restore your health.
You are immune to rotting.


Message History

Your bite misses the orc priest.
The orc priest is severely wounded.
You closely miss the orc priest. Your bite misses the orc priest.
The orc priest is severely wounded.
The orc priest hits you but does no damage.
The orc priest barely misses you.
You riposte.
You closely miss the orc priest. Your bite misses the orc priest.
The orc priest is severely wounded.
You closely miss the orc priest. Your bite misses the orc priest.
The orc priest is severely wounded.
You feel sick. The orc priest closely misses you.
You hit the orc priest but do no damage.
You bite the orc priest, but do no damage.
The orc priest is severely wounded.
The orc priest hits you but does no damage.
Your scale mail prevents you from hitting the orc priest.
The orc priest is severely wounded.
The orc priest calls down the wrath of Beogh upon you.
Beogh smites you!
You die...

######### #..o@...#
###.#####.# ... #.#
#.### #.# ##...# #.#
##.##....###)######
......_...........#
###...?##.#......#####
#...###.#..........####


You could see an orc priest.

Vanquished Creatures
  An orc priest (D:4)
  An orc wizard (D:3)
  4 adders
  An ooze (D:1)
  A worm (D:2)
  A dart slug (D:1)
  3 leopard geckos
  6 orcs
  10 bats
  4 giant cockroaches
  7 goblins
  8 hobgoblins
  2 ball pythons
  2 frilled lizards (D:2)
  2 kobolds (D:2)
  4 rats
57 creatures vanquished.

Vanquished Creatures (others)
  An orc wizard (D:3)
1 creature vanquished.

Grand Total: 58 creatures vanquished

Notes
Turn   | Place    | Note
-------+----------+-------------------------------------------
     0 | D:1      | Kairos the Vine Stalker Monk began the quest for the Orb.
     0 | D:1      | Reached XP level 1. HP: 11/11 MP: 2/2
    24 | D:1      | Noticed a worker ant
    24 | D:1      | Noticed a black bear
    24 | D:1      | Noticed a wolf
   185 | D:1      | Reached XP level 2. HP: 12/16 MP: 3/3
   227 | D:1      | Reached skill level 3 in Long Blades
   376 | D:1      | Reached XP level 3. HP: 13/19 MP: 4/4
  1143 | D:2      | Gained mutation: Your natural rate of healing is unusually
                  | fast. [Vine Stalker growth]
  1143 | D:2      | Reached XP level 4. HP: 12/24 MP: 5/5
  1524 | D:3      | Reached skill level 1 in Armour
  1524 | D:3      | Reached XP level 5. HP: 11/28 MP: 4/6
  2572 | D:4      | Found a deep blue altar of Sif Muna.
  2593 | D:4      | Reached skill level 4 in Long Blades
  2641 | D:4      | Killed from afar by an orc priest

Skill      XL: |  1  2  3  4  5 |
---------------+----------------+-----
Long Blades    | 3 4 |  4.1
Fighting       | 3 |  3.2
Armour         | 1 |  1.5
Dodging        | 3 |  3.0
Stealth        | 3 |  3.1

Action                   |  1- 3 |  4- 6 || total
-------------------------+-------+-------++-------
Melee: Falchion          |    85 |    93 ||   178
       Bite              |    33 |    30 ||    63
  Use: Potion            |       |     2 ||     2
       Scroll            |       |     3 ||     3
 Stab: Sleeping          |     3 |       ||     3
  Eat: Chunk             |       |     6 ||     6
Armor: Ring mail         |    25 |       ||    25
       Scale mail        |     7 |    38 ||    45
Dodge: Dodged            |    64 |    38 ||   102
       Rpst.: Falchion   |    22 |    14 ||    36
